details: '[NE]Zoooo vs [Hu]Erlog'

« prev index next »

General information

Mini Map

Players

team 1
HumanErlog (red | 28 APM | 398 actions | 14:21)
Hero icon 4 Mountain King
Ability icon 1 Storm Bolt
Ability icon 2 Bash
Ability icon 1 Thunder Clap

» actions
Assign group hotkey1
Build / train65
ESC pressed3
Enter build submenu20
Enter hero's abilities submenu5
Remove unit from queue2
Right click133
Select / deselect137
Use ability32
398 total
» units
Peasant23
Footman18
Rifleman7
Priest1
Forest Troll Shadow Priest1
Forest Troll Berserker1
51 total
» upgrades
Plating2
Defend1
Swords1
Priest Training1
5 total
» buildings
Altar of Kings1
Farm8
Barracks2
Blacksmith1
Keep1
Town Hall2
Arcane Sanctum1
Arcane Vault1
17 total
» build order
00:04 Altar of Kings
00:10 Farm
00:28 Barracks
00:49 Farm
02:03 Farm
02:52 Blacksmith
03:00 Farm
03:01 Farm
03:02 Farm
04:27 Barracks
04:55 Keep
06:09 Farm
06:49 Farm
07:23 Town Hall
08:31 Arcane Sanctum
11:35 Town Hall
11:56 Arcane Vault
team 2
NightElfZooo (yellow | 132 APM | 1894 actions | 14:21)
Hero icon 6 Warden
Ability icon 3 Shadow Strike
Ability icon 3 Blink

» actions
Assign group hotkey32
Basic commands307
Build / train41
Enter build submenu13
Enter hero's abilities submenu7
Give item / drop item3
Right click587
Select / deselect272
Select group hotkey582
Use ability50
1894 total
» units
Wisp13
Archer1
Forest Troll Shadow Priest1
Forest Troll Berserker4
Dryad1
Druid of the Claw3
23 total
» upgrades
Druid of the Claw Training2
Strength of the Wild1
3 total
» buildings
Altar of Elders1
Moon Well5
Ancient of War1
Tree of Ages1
Hunter's Hall1
Ancient of Wonders1
Ancient of Lore2
Tree of Eternity1
Ancient Protector1
Tree of Life1
15 total
» build order
00:09 Altar of Elders
00:19 Moon Well
00:49 Ancient of War
01:37 Moon Well
03:06 Moon Well
03:42 Tree of Ages
03:46 Hunter's Hall
03:47 Moon Well
04:34 Moon Well
04:36 Ancient of Wonders
06:13 Ancient of Lore
06:16 Ancient of Lore
06:31 Tree of Eternity
11:51 Ancient Protector
13:37 Tree of Life
» items
Boots of Speed1
Potion of Lesser Invulnerability1
Orb of Venom1
Staff of Preservation1
4 total